 Dungeon Sprint DCSS version 0.24-a0-249-g2af7e83 (webtiles) character file.

Game seed: 9365945845026074192

5500000 JimmahDean the Demonspawn of Death (level 27, -117/249 HPs)
             Began as a Demonspawn Necromancer on Apr 13, 2019.
             Was the Champion of Makhleb.
             Annihilated by a destroyer
             ... wielding a +9 great sword of slicing
              (207 damage)
             ... in the Dungeon (Sprint VIII: "Arena of Blood").
             The game lasted 00:01:37 (55 turns).

JimmahDean the Demonspawn of Death (DsNe)             Turns: 55, Time: 00:01:38

Health: -117/249   AC:  4    Str: 11    XL:     27
Magic:  17/54      EV: 36    Int: 18    God:    Makhleb [******]
Gold:   0          SH:  8    Dex: 23    Spells: 79/80 levels left

rFire    . . .     SeeInvis .   b - +∞ Axe of Woe
rCold    . . .     Gourm    .   (shield currently unavailable)
rNeg     + . .     Faith    .   a - +0 robe
rPois    .         Spirit   .   (no helmet)
rElec    .         Reflect  .   (no cloak)
rCorr    .         Harm     .   (gloves unavailable)
MR       ++...     NoTele   +   (no boots)
Stlth    +++++++++.             (no amulet)
HPRegen  10.51/turn             (no ring)
MPRegen  0.34/turn              (no ring)

@: no status effects
A: claws 3, large bone plates 3, demonic guardian 3, negative energy resistance
1, powered by death 3, 50% torment resistance, black mark
a: Minor Destruction, Lesser Servant of Makhleb, Major Destruction, Greater
Servant of Makhleb, Renounce Religion


You were in the Dungeon.
You worshipped Makhleb.
Makhleb was exalted by your worship.
You were not hungry.

You visited 1 branch

Inventory:

Hand Weapons
 b - the +∞ Axe of Woe (weapon)
   (You found it in the Dungeon)
Armour
 a - a +0 robe (worn)
Scrolls
 i - a scroll of blinking
Potions
 d - a potion of curing {@q1}
 e - a potion of heal wounds {@q2}
 f - a potion of haste {@q3}
 g - 2 potions of magic
 h - a potion of berserk rage
Comestibles
 c - a ration {@e1}


   Skills:
 O Level 27 Fighting
 O Level 27 Axes
 O Level 27 Throwing
 O Level 27 Armour
 O Level 27 Dodging
 O Level 27 Stealth
 O Level 27 Unarmed Combat
 O Level 27 Spellcasting
 O Level 27 Necromancy
 O Level 27 Invocations


You had 79 spell levels left.
You knew the following spells:

 Your Spells              Type           Power        Failure   Level  Hunger
a - Pain                  Necr           ####         0%          1    None

Your spell library contained the following spells:

 Spells                   Type           Power        Failure   Level  Hunger
 Animate Skeleton         Necr           N/A          0%          1    None
 Regeneration             Chrm/Necr      ######....   0%          3    None
 Vampiric Draining        Necr           #######...   0%          3    None
 Animate Dead             Necr           N/A          0%          4    None


Dungeon Overview and Level Annotations

Branches:
Dungeon (1/1)

Altars:
Makhleb


Innate Abilities, Weirdness & Mutations

You have claws for hands.
You are completely covered in large bone plates. (SH +8)
A powerful demonic guardian rushes to your aid.
You resist negative energy. (rN+)
You regenerate a lot of health from kills.
You are somewhat able to resist unholy torments (1 in 2 success).
Your melee attacks may debilitate your foes.


Message History

The destroyer blinks!
You hear a shout! x4
A meat berserker comes into view. It is wielding a +9 battleaxe.
You hear a shout!
You hear two shouts!
You hear a shout! x2
Health restored: 249 An ogre, a vampire knight and a skeletal warrior come into view.
The destroyer is wielding a +9 great sword of slicing.
The meat berserker shouts!
You hear a shout!
You hear two shouts!
You hear a shout! x4
The accursed casts a spell at you. Something smites you!
The destroyer hits you with a +9 great sword of slicing!!!!
Ouch! That really hurt!
* * * LOW HITPOINT WARNING * * *
x2 The destroyer bites you but does no damage.
The destroyer blinks!
You hear a shout! x2
The destroyer hits you with a +9 great sword of slicing!!!!!
Ouch! That really hurt!
You die...

#.. ...# .###..
...###...
.%..%O###........
....°_.........
#.))).# ..... .
#_)§)§#......
....#.§§§V#......
......L§§)V......
...%..###@.......
.###.....MV###.W.
#...V...# ..
#.......#
...z.....O
...........
§O.........
..........##


You could see an accursed, a tyrant, 4 destroyers, a sculptor of flesh, a dread
and 3 meat berserkers.

Vanquished Creatures
  A greater mummy (D)
  9 vampire knights (D)
  20 ogres (D)
  4 two-headed ogres (D)
  2 liches (D)
  45 orcs (D)
  A skeletal warrior (D)
  5 large abominations (D)
  A small abomination (D)
  A crawling corpse (D)
89 creatures vanquished.

Notes
Turn   | Place    | Note
-------+----------+-------------------------------------------
     0 | D        | Found the +∞ Axe of Woe
     0 | D        | JimmahDean the Demonspawn Necromancer began the quest for
                  | the Orb.
     0 | D        | Reached XP level 1. HP: 13/13 MP: 3/3
     1 | D        | Noticed a bag of meat
     1 | D        | Noticed a bag of meat
     4 | D        | Became a worshipper of Makhleb the Destroyer
     4 | D        | Noticed a bag of meat
     5 | D        | Noticed a bag of meat
     5 | D        | Noticed a bag of meat
     6 | D        | Noticed a meat berserker
     7 | D        | Noticed a bag of meat
     7 | D        | Noticed a bag of meat
     8 | D        | Noticed a bag of meat
     8 | D        | Noticed a bag of meat
     9 | D        | Killed a bag of meat
     9 | D        | Gained mutation: You are partially covered in large bone
                  | plates. (SH +4) [demonic ancestry]
     9 | D        | Reached XP level 2. HP: 19/19 MP: 3/16
     9 | D        | Gained mutation: You regenerate a little health from kills.
                  | [demonic ancestry]
     9 | D        | Reached XP level 3. HP: 24/24 MP: 3/18
     9 | D        | Reached XP level 4. HP: 30/30 MP: 3/19
     9 | D        | Gained mutation: You have sharp fingernails. [demonic
                  | ancestry]
     9 | D        | Reached XP level 5. HP: 35/35 MP: 3/21
     9 | D        | Gained mutation: You have very sharp fingernails. [demonic
                  | ancestry]
     9 | D        | Reached XP level 6. HP: 41/41 MP: 3/22
     9 | D        | Gained mutation: You are mostly covered in large bone
                  | plates. (SH +6) [demonic ancestry]
     9 | D        | Reached XP level 7. HP: 46/46 MP: 3/24
     9 | D        | Reached XP level 8. HP: 52/52 MP: 3/25
     9 | D        | Reached XP level 9. HP: 57/57 MP: 3/26
     9 | D        | Gained mutation: You have claws for hands. [demonic
                  | ancestry]
     9 | D        | Reached XP level 10. HP: 63/63 MP: 3/27
     9 | D        | Reached XP level 11. HP: 68/68 MP: 3/28
     9 | D        | Noticed a bag of meat
     9 | D        | Noticed a meat berserker
     9 | D        | Noticed a bag of meat
    10 | D        | Noticed a bag of meat
    10 | D        | Killed a meat berserker
    10 | D        | Reached * piety under Makhleb
    10 | D        | Reached XP level 12. HP: 74/74 MP: 3/32
    10 | D        | Gained mutation: A weak demonic guardian rushes to your
                  | aid. [demonic ancestry]
    10 | D        | Reached XP level 13. HP: 79/79 MP: 3/33
    10 | D        | Killed a bag of meat
    10 | D        | Gained mutation: You regenerate health from kills. [demonic
                  | ancestry]
    10 | D        | Reached XP level 14. HP: 85/85 MP: 3/36
    10 | D        | Killed a bag of meat
    10 | D        | Noticed a bag of meat
    11 | D        | Killed a bag of meat
    11 | D        | Reached ** piety under Makhleb
    11 | D        | Gained mutation: You are completely covered in large bone
                  | plates. (SH +8) [demonic ancestry]
    11 | D        | Reached XP level 15. HP: 90/90 MP: 3/38
    11 | D        | Noticed a meat berserker
    12 | D        | Killed a meat berserker
    12 | D        | Gained mutation: A demonic guardian rushes to your aid.
                  | [demonic ancestry]
    12 | D        | Reached XP level 16. HP: 96/96 MP: 4/42
    12 | D        | Reached *** piety under Makhleb
    12 | D        | Reached skill level 27 in Necromancy
    12 | D        | Reached XP level 17. HP: 101/101 MP: 4/45
    12 | D        | Noticed a meat berserker
    12 | D        | Noticed a meat berserker
    13 | D        | Killed a meat berserker
    13 | D        | Reached **** piety under Makhleb
    13 | D        | Reached skill level 27 in Stealth
    13 | D        | Reached skill level 27 in Dodging
    13 | D        | Reached skill level 27 in Spellcasting
    13 | D        | Reached XP level 18. HP: 119/119 MP: 5/49
    13 | D        | Noticed a meat berserker
    14 | D        | Reached skill level 10 in Invocations
    14 | D        | Reached ***** piety under Makhleb
    14 | D        | Noticed a meat berserker
    14 | D        | Noticed a destroyer
    14 | D        | Noticed a meat berserker
    14 | D        | Noticed a destroyer
    15 | D        | Killed a meat berserker
    15 | D        | Reached XP level 19. HP: 148/148 MP: 6/50
    15 | D        | Killed a meat berserker
    15 | D        | Killed a destroyer
    15 | D        | Killed a meat berserker
    15 | D        | Gained mutation: You resist negative energy. (rN+) [demonic
                  | ancestry]
    15 | D        | Reached XP level 20. HP: 172/172 MP: 6/51
    15 | D        | Noticed a meat berserker
    15 | D        | Noticed a meat berserker
    15 | D        | Noticed a destroyer
    15 | D        | Noticed a meat berserker
    16 | D        | Killed a meat berserker
    17 | D        | Noticed a meat berserker
    17 | D        | Noticed a destroyer
    17 | D        | Killed a destroyer
    17 | D        | Gained mutation: A powerful demonic guardian rushes to your
                  | aid. [demonic ancestry]
    17 | D        | Reached XP level 21. HP: 188/188 MP: 7/52
    17 | D        | Reached skill level 27 in Invocations
    18 | D        | Noticed a large bag of meat
    18 | D        | Reached ****** piety under Makhleb
    19 | D        | Gained mutation: You are somewhat able to resist unholy
                  | torments (1 in 2 success). [demonic ancestry]
    19 | D        | Reached XP level 22. HP: 206/206 MP: 7/53
    19 | D        | Killed a destroyer
    19 | D        | Reached skill level 27 in Fighting
    20 | D        | Noticed a destroyer
    20 | D        | Reached skill level 27 in Axes
    20 | D        | Reached skill level 27 in Throwing
    20 | D        | Reached skill level 27 in Armour
    20 | D        | Reached skill level 27 in Unarmed Combat
    20 | D        | Reached XP level 23. HP: 219/219 MP: 8/54
    21 | D        | Noticed a large bag of meat
    22 | D        | Killed a large bag of meat
    22 | D        | Killed a destroyer
    22 | D        | Noticed a destroyer
    23 | D        | Killed a large bag of meat
    23 | D        | Gained mutation: You regenerate a lot of health from kills.
                  | [demonic ancestry]
    23 | D        | Reached XP level 24. HP: 227/227 MP: 8/54
    23 | D        | Killed a destroyer
    23 | D        | Noticed a large bag of meat
    24 | D        | Gained mutation: Your melee attacks may debilitate your
                  | foes. [demonic ancestry]
    24 | D        | Reached XP level 25. HP: 234/234 MP: 9/54
    30 | D        | Reached XP level 26. HP: 242/242 MP: 10/54
    34 | D        | Noticed a large bag of meat
    34 | D        | Killed a large bag of meat
    34 | D        | Reached XP level 27. HP: 219/249 MP: 11/54
    36 | D        | Killed a destroyer
    36 | D        | Noticed a destroyer
    39 | D        | Killed a destroyer
    39 | D        | Noticed a destroyer
    41 | D        | Noticed a tyrant
    43 | D        | Noticed a destroyer
    44 | D        | Noticed an accursed
    44 | D        | Noticed a tyrant
    45 | D        | Killed a destroyer
    45 | D        | Killed a tyrant
    47 | D        | Killed an accursed
    48 | D        | Noticed a destroyer
    49 | D        | Killed a tyrant
    51 | D        | Killed a large bag of meat
    51 | D        | Noticed a tyrant
    51 | D        | Noticed a destroyer
    53 | D        | Killed a destroyer
    53 | D        | Noticed a destroyer
    54 | D        | Noticed an accursed
    55 | D        | Noticed a dread
    55 | D        | Noticed a destroyer
    55 | D        | Annihilated by a destroyer

Levels and vault maps discovered:
D:        meatsprint

Skill      XL: |  1  2  3  4  5  6  7  8  9 10 11 12 13 14 15 16 17 18 19 20 21 22 |
---------------+-------------------------------------------------------------------+-----
Dodging        | 13 16 18 19 21 23 27 | 27.0
Stealth        | 14 18 19 21 23 25 27 | 27.0
Spellcasting   | 13 16 18 19 22 24 27 | 27.0
Necromancy     | 16 19 21 22 25 27 | 27.0
Fighting       | 4 12 18 21 25 27 | 27.0
Axes           | 4 11 17 20 23 27 | 27.0
Throwing       | 4 11 17 20 24 27 | 27.0
Armour         | 4 11 17 20 23 27 | 27.0
Unarmed Combat | 4 11 17 20 23 27 | 27.0
Invocations    | 6 16 23 26 27 | 27.0

Action                   |  1- 3 |  4- 6 |  7- 9 | 10-12 | 13-15 | 16-18 | 19-21 | 22-24 | 25-27 || total
-------------------------+-------+-------+-------+-------+-------+-------+-------+-------+-------++-------
Melee: Executioner's axe |     1 |       |       |     1 |     2 |     3 |     4 |     4 |    24 ||    39
Armor: Robe              |       |       |       |       |       |       |       |       |     2 ||     2
Dodge: Dodged            |       |       |       |       |     2 |     2 |       |       |       ||     4
Block: Other             |       |       |       |     1 |       |     2 |       |     1 |     1 ||     5

Table legend:
 A = Non-vault XP
 B = Vault XP
 C = Vault XP percentage of total XP
 D = Non-vault monster count
 E = Vault monster count
 F = Vault count percentage of total count
                 A         B        C        D         E       F
            +---------+---------+-------+---------+---------+-------
      Total | 1357772 | 1025002 |  43.0 |      44 |      44 |  50.0
            +---------+---------+-------+---------+---------+-------
          D | 1357772 | 1025002 |  43.0 |      44 |      44 |  50.0
            +---------+---------+-------+---------+---------+-------
